Map: Jagannatha LE

Players

Throwfordays - Winner!

  • Race: Protoss Protoss
  • League: Silver

excalibur

  • Race: Terran Terran
  • League: Gold

VOD

Have the link to the VOD?

Description

Time

  • Played on: Aug. 27, 2021, 3:45 p.m.
  • Length: 11:45
Show
View Real Time Build Order
Export as new Build Order

Throwfordays Protoss - Winner!

Build Orders:  

Get SALT Encoding   

  12  0:00  Probe  
  13  0:12  Probe  
  14  0:24  Pylon, Probe  
  15  0:42  Gateway, Probe  
  16  0:54  Probe  
  17  1:00  Assimilator  
  17  1:06  Probe  
  18  1:18  Probe  
  19  1:30  Probe  
  19  1:32  Cybernetics Core  
  20  1:33  Gateway  
  20  1:42  Probe  
  21  1:52  Nexus  
  21  1:59  Probe  
  22  2:02  Assimilator  
  22  2:05  Warp Gate (Chrono Boost)  
  22  2:17  Pylon  
  22  2:28  Probe  
  23  2:35  Adept x2  
  27  2:40  Probe  
  28  3:03  Probe  
  28  3:04  Probe  
  30  3:06  Pylon  
  30  3:09  Pylon  
  30  3:14  Twilight Council  
  30  3:15  Probe  
  30  3:16  Probe  
  32  3:26  Gateway  
  32  3:27  Probe  
  32  3:28  Probe  
  32  3:59  Robotics Facility  
  32  4:03  Gateway  
  32  4:05  Robotics Facility  
  32  4:10  Blink (Chrono Boost)  
  32  4:12  Pylon  
  32  4:18  Stalker x2  
  32  4:22  Probe (Chrono Boost)  
  37  4:24  Probe (Chrono Boost)  
  38  4:33  Probe (Chrono Boost)  
  38  4:35  Probe (Chrono Boost)  
  38  4:37  Stalker  
  38  4:38  Probe (Chrono Boost)  
  42  4:39  Probe (Chrono Boost)  
  42  4:43  Stalker  
  46  4:48  Probe  
  46  4:50  Probe  
  46  4:52  Pylon  
  48  4:58  Observer  
  49  5:00  Stalker, Probe  
  49  5:02  Stalker  
  49  5:03  Probe  
  49  5:06  Stalker  
  57  5:18  Stalker  
  59  5:24  Stalker  
  61  5:43  Assimilator  
  61  5:45  Assimilator  
  61  5:47  Adept x3  
  61  5:49  Adept  
  61  6:15  Stalker  
  61  6:16  Stalker x2  
  61  6:18  Stalker  
  65  6:20  Probe  
  65  6:22  Probe  
  67  6:32  Probe  
  68  6:34  Probe  
  69  6:44  Probe  
  69  6:46  Stalker x3, Probe  
  77  6:51  Pylon  
  77  6:55  Nexus  
  77  6:57  Assimilator  
  77  6:59  Assimilator  
  77  7:06  Pylon  
  77  7:08  Pylon  
  77  7:10  Pylon  
  77  7:11  Pylon  
  77  7:12  Stalker x4  
  77  7:13  Pylon  
  85  7:20  Robotics Bay  
  83  7:49  Immortal x2  
  89  7:54  Pylon  
  89  7:57  Probe  
  90  8:08  Probe  
  90  8:09  Probe  
  92  8:16  Stalker x4  
  100  8:20  Probe  
  100  8:21  Probe  
  102  8:27  Colossus (Chrono Boost)  
  102  8:32  Colossus (Chrono Boost), Probe  
  115  8:43  Charge (Chrono Boost)  
  115  8:51  Probe  
  116  9:03  Probe  
  116  9:08  Extended Thermal Lance (Chrono Boost)  
  117  9:12  Colossus (Chrono Boost)  
  117  9:14  Colossus (Chrono Boost)  
  117  9:15  Probe  
  130  9:27  Probe  
  131  9:39  Probe  
  131  9:41  Stalker x2  
  131  9:42  Stalker x2  
  140  9:46  Pylon  
  140  9:51  Probe  
  141  10:04  Probe  
  108  10:16  Probe  
  108  10:19  Stalker x4  
  101  10:28  Probe  
  102  10:33  Immortal x2  
  110  10:36  Observer  
  110  10:46  Stalker  
  110  10:47  Stalker x3  
  118  11:11  Stalker x4  
Show
View Real Time Build Order
Export as new Build Order

excalibur Terran 

Build Orders:  

Get SALT Encoding   

  12  0:01  SCV  
  13  0:13  SCV  
  14  0:25  Supply Depot, SCV  
  15  0:46  SCV  
  15  0:48  Supply Depot  
  16  0:58  SCV  
  17  1:07  Barracks  
  17  1:09  Refinery  
  17  1:10  SCV  
  18  1:12  Supply Depot  
  18  1:23  SCV  
  19  1:35  Refinery, SCV  
  20  1:47  SCV  
  21  1:59  Barracks Reactor, Barracks  
  21  2:01  Orbital Command  
  21  2:30  SCV  
  21  2:33  Command Center  
  22  2:40  Marine  
  22  2:41  Marine  
  22  2:42  SCV  
  25  2:51  Barracks Tech Lab  
  25  2:56  SCV  
  25  2:58  Bunker  
  26  3:00  Marine  
  26  3:05  Marine  
  28  3:11  Marine  
  29  3:18  Marine  
  30  3:23  Marine  
  30  3:27  Stimpack  
  31  3:29  Marine  
  32  3:34  Engineering Bay  
  32  3:37  Marine  
  33  3:47  Marine x2  
  35  3:54  Marine  
  34  4:05  Marine x2  
  34  4:08  Factory  
  36  4:12  Marine  
  37  4:23  Marine  
  38  4:27  Sensor Tower  
  38  4:29  Marine  
  38  4:30  Marine  
  40  4:36  Orbital Command  
  40  4:39  SCV  
  40  4:40  Marine  
  42  4:47  Marine  
  42  4:51  SCV  
  42  4:52  Factory Tech Lab  
  44  5:00  Starport  
  44  5:03  SCV x2  
  44  5:06  Combat Shield  
  46  5:10  Marine  
  46  5:14  Siege Tank  
  50  5:15  SCV  
  50  5:20  SCV  
  51  5:22  Marine x2  
  51  5:27  Marine  
  54  5:29  Bunker  
  54  5:32  SCV  
  54  5:39  Marine  
  54  5:40  Marine  
  54  5:41  Medivac  
  58  5:44  SCV  
  58  5:47  Marine  
  58  5:48  Siege Tank  
  63  5:56  SCV  
  63  6:08  SCV  
  63  6:11  Medivac  
  58  6:20  Siege Tank  
  58  6:21  Marine x3  
  64  6:32  SCV  
  65  6:33  SCV  
  65  6:39  Marine  
  66  6:41  Medivac  
  66  6:44  SCV  
  66  6:45  SCV  
  70  6:54  Refinery  
  70  6:58  Marine x2  
  70  6:59  SCV x2, Siege Tank  
  77  7:09  Marine  
  77  7:11  Terran Infantry Weapons Level 1  
  77  7:12  Starport Reactor  
  78  7:24  Command Center  
  78  7:27  Supply Depot  
  78  7:39  Refinery  
  78  7:48  Marine x3, SCV  
  82  7:54  Medivac x2  
  82  7:56  Missile Turret  
  86  8:04  SCV  
  87  8:06  Marine x2  
  91  8:13  Marauder  
  91  8:15  Concussive Shells  
  91  8:20  Missile Turret  
  91  8:24  Marine x2  
  93  8:34  Command Center  
  93  8:36  Medivac, Marauder  
  93  8:39  Orbital Command  
  97  8:41  Marine x2  
  97  8:48  Medivac  
  101  8:57  Marauder  
  101  8:59  Marine x2  
  105  9:06  Terran Infantry Armor Level 1, Supply Depot  
  105  9:17  Marine x2  
  105  9:19  Marauder  
  109  9:28  Siege Tank  
  109  9:30  Supply Depot  
  112  9:35  Marine x2  
  114  9:40  Marauder  
  116  9:48  Orbital Command  
  116  9:51  Armory  
  116  9:52  Engineering Bay  
  116  9:53  Marine x2, Medivac  
  116  9:54  Medivac  
  122  10:02  Marauder  
  121  10:10  Marine x2  
  69  10:23  Marauder  
  69  10:28  Marine x2  
  68  10:41  Siege Tank  
  69  10:42  Viking  
  69  10:43  Viking  
  69  10:44  Marauder  
  69  10:46  Marine x2  
  77  11:04  Marine x2  
  77  11:06  Marauder  
  81  11:12  Viking x2  
  85  11:22  Marine x2  
Tags
 
Add a new tag
Caveats
  • Supply blocks, unpowered buildings, or Contaminate may cause inaccurate times.
  • Supply counts are checked every 10 seconds.